 Dungeon Crawl Stone Soup version 0.19.5 (webtiles) character file.

4162 McKennaii the Thaumaturge (level 10, 0/52 HPs)
             Began as a Deep Elf Fire Elementalist on May 16, 2017.
             Was a Believer of Vehumet.
             Slain by an orc warrior
             ... wielding a +0 trident
              (18 damage)
             ... on level 7 of the Dungeon.
             The game lasted 00:21:04 (7214 turns).

McKennaii the Thaumaturge (DEFE)                    Turns: 7214, Time: 00:21:05

Health: 0/52       AC:  8    Str:  5    XL:     10   Next: 7%
Magic:  17/27      EV: 17    Int: 24    God:    Vehumet [**....]
Gold:   387        SH:  0    Dex: 15    Spells: 5 memorised, 20 levels left

rFire  . . .     SeeInvis .     (no weapon)
rCold  . . .     Gourm    .     a - +0 robe
rNeg   . . .     Faith    .     (no shield)
rPois  .         Spirit   .     l - +2 helmet
rElec  .         Reflect  .     w - +1 cloak
rCorr  +         Harm     +     m - +0 pair of gloves
MR     +....                    (no boots)
Stlth  +++.......               C - amulet of harm
                                J - ring of resist corrosion
                                y - +2 ring of evasion

@: no status effects
A: no striking features
a: Renounce Religion


You were on level 7 of the Dungeon.
You worshipped Vehumet.
Vehumet was pleased with you.
You were very hungry.

You visited 2 branches of the dungeon, and saw 8 of its levels.
You also visited: Ossuary.

You collected 387 gold pieces.

Inventory:

Armour
 a - a +0 robe (worn)
 l - a +2 helmet (worn)
 m - a +0 pair of gloves (worn)
 w - a +1 cloak (worn)
Jewellery
 y - a +2 ring of evasion (left hand)
 C - an amulet of harm (around neck)
 J - a ring of resist corrosion (right hand)
Scrolls
 d - a scroll of magic mapping {unknown}
 i - a scroll of enchant weapon {unknown}
 j - 2 scrolls of fog
 k - 5 scrolls of remove curse
 n - 9 scrolls of identify
 o - 2 scrolls of amnesia
 t - 2 scrolls of blinking {unknown}
 v - a scroll of random uselessness {unknown}
 A - a scroll of teleportation
 D - 2 scrolls of immolation
 F - a scroll of fear {unknown}
 G - a scroll of vulnerability {unknown}
Potions
 e - 3 potions of curing
 p - a potion of cure mutation {unknown}
 r - 2 potions of berserk rage {unknown}
 s - a potion of agility
 u - a potion of degeneration {unknown}
 z - 4 potions of heal wounds {unknown}
 B - a potion of cancellation {unknown}
 H - a potion of haste {unknown}
 I - a potion of lignification {unknown}
Books
 b - a book of Flames

   Spells                             Type                      Level
   a - Flame Tongue                   Conjuration/Fire             1
   b - Throw Flame                    Conjuration/Fire             2
   c - Conjure Flame                  Conjuration/Fire             3
   d - Inner Flame                    Hexes/Fire                   3
   e - Sticky Flame                   Conjuration/Fire             4
   f - Fireball                       Conjuration/Fire             5
 x - a book of Cantrips

   Spells                             Type                      Level
   a - Confusing Touch                Hexes                        1
   b - Animate Skeleton               Necromancy                   1
   c - Summon Small Mammal            Summoning                    1
   d - Apportation                    Translocation                1
Comestibles
 c - 3 bread rations
 f - 5 slices of pizza
 g - 5 meat rations
 q - a beef jerky


   Skills:
 + Level 1.0 Fighting
 + Level 4.8 Dodging
 + Level 4.4 Stealth
 + Level 11.5 Spellcasting
 + Level 7.9 Conjurations
 + Level 9.1 Fire Magic
 + Level 1.2 Ice Magic


You had 20 spell levels left.
You knew the following spells:

 Your Spells              Type           Power        Failure   Level  Hunger
a - Flame Tongue          Conj/Fire      #####        1%          1    None
b - Throw Flame           Conj/Fire      ######       1%          2    None
c - Conjure Flame         Conj/Fire      ######..     1%          3    None
d - Freeze                Ice            ###.         2%          1    None
f - Fireball              Conj/Fire      ######....   4%          5    ####...


Dungeon Overview and Level Annotations

Branches:
Dungeon (7/15)             Temple (1/1) D:5

Altars:
Ashenzari
Cheibriados
Dithmenos
Gozag
Hepliaklqana
Kikubaaqudgha
Makhleb
Nemelex Xobeh
Okawaru
Qazlal
Ru
Sif Muna
Trog
Uskayaw
Vehumet
Xom
Yredelemnul
Zin
The Shining One

Shops:
D:5 (


Message History

Aim: an orc warrior, wielding a trident and wearing a plate armour (severely wounded)
The flame tongue hits the orc warrior.
The orc warrior is almost dead.
The orc warrior barely misses you.
Casting: Flame Tongue
Confirm with . or Enter, or press ? or * to list all spells.
Aiming: Flame Tongue
Press: ? - help, Shift-Dir - straight line, f/p - orc warrior
Aim: an orc warrior, wielding a trident and wearing a plate armour (almost dead)
The flame tongue misses the orc warrior.
The orc warrior hits you from afar with a trident!
Casting: Flame Tongue
Confirm with . or Enter, or press ? or * to list all spells.
Aiming: Flame Tongue
Press: ? - help, Shift-Dir - straight line, f/p - orc warrior
Aim: an orc warrior, wielding a trident and wearing a plate armour (almost dead)
The flame tongue hits the orc warrior.
The orc warrior appears unharmed.
The orc warrior is almost dead.
The orc warrior hits you from afar with a trident!
You die...

#............#...Z...# #
##########............#....<..# #
..........÷...#######.#.......# #
.........÷....# #####.##...##....
............#####.....##...#.....
................#.....[[...+.....
...............[#........).#.....
......#.........#.o..).....# .{>.
......#.........@###.......# ..
.....##.....####.##........#
....###.....# #.##........# #####
#.....# #.##........# #######
#.###....>..# #.# #### #.# #<#
###


You could see an orc warrior.

Vanquished Creatures
  The ghost of Woxaris the Fighter, a novice MiBe of Trog (D:7)
  The ghost of Schimscham the Digger, a novice DrEE (D:5)
  A hungry ghost (D:6)
  A water moccasin (D:7)
  2 orc warriors
  A sky beast (D:6)
  3 ogres (D:6)
  A necrophage (D:6)
  2 centaurs (D:6)
  3 big kobolds (D:6)
  2 bullfrogs (D:6)
  10 scorpions
  6 killer bees (D:7)
  A human zombie (Ossuary)
  9 hounds
  2 gnoll shamans
  4 orc priests (D:6)
  A centaur skeleton (D:6)
  3 iguanas
  2 orc wizards
  2 bullfrog skeletons
  2 worker ants (D:4)
  A hound skeleton (D:6)
  3 mummies (Ossuary)
  Robin (D:2)
  10 adders
  14 gnolls
  3 scorpion zombies (Ossuary)
  A shadow imp (D:5)
  An ooze (D:1)
  2 adder skeletons
  An adder zombie (D:7)
  3 worms
  A dart slug (D:2)
  4 leopard geckos
  16 orcs
  5 giant cockroaches
  2 gnoll zombies (Ossuary)
  10 goblins
  11 hobgoblins
  4 jackals (D:7)
  2 quokkas
  6 bats (D:2)
  6 frilled lizards
  3 goblin zombies (Ossuary)
  A hobgoblin zombie (Ossuary)
  15 kobolds
  A kobold zombie (Ossuary)
  A leopard gecko skeleton (D:5)
  An orc zombie (Ossuary)
  39 rats
228 creatures vanquished.

Notes
Turn   | Place    | Note
-------+----------+-------------------------------------------
     0 | D:1      | McKennaii the Deep Elf Fire Elementalist began the quest for the Orb.
     0 | D:1      | Reached XP level 1. HP: 10/10 MP: 6/6
    68 | D:1      | Found a shattered altar of Ashenzari.
   293 | D:1      | Reached XP level 2. HP: 13/15 MP: 2/8
   969 | D:2      | Reached XP level 3. HP: 19/19 MP: 6/10
   973 | D:2      | Learned a level 2 spell: Throw Flame
   978 | D:2      | Learned a level 3 spell: Conjure Flame
  1014 | D:2      | Noticed Robin
  1035 | D:2      | Killed Robin
  1560 | D:2      | Reached skill level 4 in Spellcasting
  1608 | D:2      | Reached XP level 4. HP: 24/24 MP: 7/12
  2031 | D:2      | You fall through a shaft!
  2031 | D:3      | Found a faded altar of an unknown god.
  2572 | D:3      | Reached XP level 5. HP: 28/28 MP: 11/13
  3113 | D:4      | Reached skill level 5 in Spellcasting
  3160 | D:4      | Reached skill level 5 in Fire Magic
  3167 | D:4      | Learned a level 5 spell: Fireball
  3193 | D:4      | Reached XP level 6. HP: 32/32 MP: 11/15
  3678 | D:5      | Entered Level 5 of the Dungeon
  3748 | D:5      | Found Lisattuu's Weapon Boutique.
  3917 | D:5      | Reached skill level 6 in Spellcasting
  3923 | D:5      | Reached XP level 7. HP: 31/37 MP: 0/18
  3996 | D:5      | Found a staircase to the Ecumenical Temple.
  4004 | Temple   | Entered the Ecumenical Temple
  4013 | Temple   | Became a worshipper of Vehumet
  4091 | D:5      | Found a sand-covered staircase.
  4193 | Ossuary  | Entered an ossuary
  4472 | Ossuary  | Reached skill level 7 in Spellcasting
  4652 | Ossuary  | Reached XP level 8. HP: 42/42 MP: 6/21
  5245 | D:5      | Noticed Schimscham's ghost (novice DrEE)
  5297 | D:5      | Killed Schimscham's ghost
  5297 | D:5      | Reached skill level 8 in Spellcasting
  5297 | D:5      | Reached skill level 5 in Conjurations
  5710 | D:6      | Reached skill level 9 in Spellcasting
  5932 | D:6      | Found a burning altar of Makhleb.
  5937 | D:6      | Reached * piety under Vehumet
  5937 | D:6      | Offered knowledge of Freeze by Vehumet.
  5988 | D:6      | Learned a level 1 spell: Freeze
  6008 | D:6      | Reached XP level 9. HP: 31/46 MP: 15/24
  6114 | D:6      | Reached skill level 1 in Fighting
  6369 | D:6      | Reached skill level 10 in Spellcasting
  6694 | D:6      | Reached ** piety under Vehumet
  6694 | D:6      | Offered knowledge of Searing Ray by Vehumet.
  6893 | D:7      | Reached skill level 1 in Ice Magic
  7026 | D:7      | Reached skill level 11 in Spellcasting
  7113 | D:7      | Noticed Woxaris's ghost (novice MiBe)
  7137 | D:7      | Killed Woxaris's ghost
  7137 | D:7      | Reached XP level 10. HP: 12/52 MP: 20/27
  7214 | D:7      | Slain by an orc warrior

Skill      XL: |  1  2  3  4  5  6  7  8  9 |
---------------+----------------------------+-----
Fire Magic     | 4 5 6 7 9 |  9.1
Spellcasting   | 4 5 6 7 9 11 | 11.5
Dodging        | 3 4 |  4.8
Conjurations   | 2 3 4 6 7 |  7.9
Stealth        | 3 4 |  4.4
Fighting       | 1 |  1.0
Ice Magic      | 1 |  1.2

Action                   |  1- 3 |  4- 6 |  7- 9 | 10-12 || total
-------------------------+-------+-------+-------+-------++-------
Melee: Unarmed           |       |       |     1 |       ||     1
 Cast: Flame Tongue      |    93 |   161 |   232 |     7 ||   493
       Throw Flame       |     2 |     3 |    45 |     3 ||    53
       Conjure Flame     |       |     1 |     4 |       ||     5
       Freeze            |       |       |     4 |       ||     4
       Fireball          |       |       |    12 |     1 ||    13
  Use: Scroll            |       |       |     9 |       ||     9
       Potion            |       |       |     2 |       ||     2
  Eat: Chunk             |     1 |     8 |     6 |       ||    15
       Meat ration       |       |       |     1 |       ||     1
Armor: Robe              |     5 |    14 |    11 |       ||    30
Dodge: Dodged            |    16 |    62 |    57 |     1 ||   136
